 Dungeon Crawl Stone Soup version 0.28.0 (webtiles) character file.

Game seed: 1613468382358548331

435 HallandMoats the Ruffian (level 6, 0/62 HPs)
             Began as a Troll Monk on Feb 7, 2022.
             Was a Believer of Makhleb.
             Slain by an orc wizard (2 damage)
             ... on level 5 of the Dungeon.
             The game lasted 00:05:41 (3331 turns).

HallandMoats the Ruffian (Troll Monk)               Turns: 3331, Time: 00:05:42

Health: 0/62       AC:  5    Str: 20    XL:     6   Next: 68%
Magic:  5/5        EV: 11    Int:  6    God:    Makhleb [**....]
Gold:   208        SH:  0    Dex: 14    Spells: 5/5 levels left

rFire   . . .      SeeInvis .     - Unarmed
rCold   . . .      Faith    .   (no shield)
rNeg    . . .      Spirit   .   a - +0 robe
rPois   .          Reflect  .   (helmet restricted)
rElec   .          Harm     .   l - +0 cloak
rCorr   .          Rampage  .   (gloves unavailable)
Will    .....                   (boots unavailable)
Stlth   +.........              (no amulet)
HPRegen 1.00/turn               (no ring)
MPRegen 0.09/turn               (no ring)

@: confused
A: large, unfitting armour, claws 3, regeneration 1, shaggy fur 1, tough skin 1
a: Renounce Religion, Minor Destruction


You were on level 5 of the Dungeon.
You worshipped Makhleb.
Makhleb was pleased with you.
You visited 2 branches of the dungeon, and saw 6 of its levels.

You collected 208 gold pieces.

Inventory:

Armour
 a - a +0 robe (worn)
 l - a +0 cloak (worn)
Wands
 o - a wand of polymorph (4)
Scrolls
 b - 3 scrolls of noise {unknown}
 e - 7 scrolls of identify {unknown}
 f - a scroll of torment {unknown}
 i - 2 scrolls of blinking {unknown}
 m - a scroll of fog {unknown}
Potions
 c - 2 potions of haste {unknown}
 d - 2 potions of ambrosia {unknown}
 g - 3 potions of lignification {unknown}
 h - a potion of degeneration {unknown}
 j - a potion of mutation {unknown}
 k - 2 potions of curing {unknown}
 n - 3 potions of heal wounds {unknown}


   Skills:
 * Level 3.9 Fighting
 + Level 1.9 Armour
 * Level 3.9 Dodging
 - Level 1.0 Stealth
 * Level 4.7 Unarmed Combat


You had 5 spell levels left.
You didn't know any spells.
Your spell library contained the following spells:

 Spells                   Type           Power      Damage    Failure   Level
 Animate Skeleton         Necr           0%         N/A       45%         1
 Pain                     Necr           0%         1d4       45%         1
 Corpse Rot               Necr/Air       0%         N/A       58%         2
 Vampiric Draining        Necr           0%         2d6       83%         3
 Dispel Undead            Necr           0%         3d6       99%         4
 Death Channel            Necr           0%         N/A       100%        6


Dungeon Overview and Level Annotations

Branches:
Dungeon (5/15)             Temple (1/1) D:4

Altars:
Ashenzari
Cheibriados
Dithmenos
Elyvilon
Fedhas
Gozag
Hepliaklqana
Kikubaaqudgha
Makhleb
Nemelex Xobeh
Okawaru
Qazlal
Ru
Sif Muna
Trog
Uskayaw
Vehumet
Xom
Yredelemnul
Zin
The Shining One


Innate Abilities, Weirdness & Mutations

You are too large for most types of armour.
You have claws for hands.
Your natural rate of healing is unusually fast.
You are covered in fur. (AC +1)
You have tough skin. (AC +1)


Message History

You claw the orc!
You kill the orc!
Makhleb accepts your kill.
Something hits you but does no damage. x2
You claw something!
You hear some strange, mumbled words.
You are confused.
Something hits you but does no damage.
You're too confused to move!
You hear some strange, mumbled words.
A puff of flame appears from out of thin air!
The puff of flame hits you.
* * * LOW HITPOINT WARNING * * *
Something hits you but does no damage. Something hits you but does no damage.
You closely miss something. Something hits you.
* * * LOW HITPOINT WARNING * * *
Something hits you but does no damage.
You miss something.
You feel less confused. Something completely misses you.
You hear some strange, mumbled words.
You are confused.
You closely miss something. Something hits you.
* * * LOW HITPOINT WARNING * * *
You hear some strange, mumbled words.
A puff of flame appears from out of thin air!
The puff of flame hits you.
* * * LOW HITPOINT WARNING * * *
You're too confused to move!
Something hits you.
* * * LOW HITPOINT WARNING * * *
You hear some strange, mumbled words.
A puff of flame appears from out of thin air!
The puff of flame hits you!
* * * LOW HITPOINT WARNING * * *
You closely miss something. Something hits you.
* * * LOW HITPOINT WARNING * * *
Unknown command.
You miss something. Something hits you but does no damage. Something hits you.
You die...

###......#
#........#
#........##
#.........###
##..#.......##
#...........##
##.)).........##
##..{{.<........#
#...@...........#
#.................
##...##..[.......#
##.# #...###.....
... ......# ....#
..........>. .##
.....##...... #
#..#.. ##..... #..


There were no monsters in sight!

Vanquished Creatures
  Crazy Yiuf (D:2)
  2 orc priests
  Jessica (D:2)
  An iguana (D:4)
  2 orc wizards (D:4)
  Robin (D:4)
  7 adders
  4 gnolls (D:3)
  A worm (D:2)
  2 dart slugs (D:2)
  17 orcs
  8 endoplasms
  A giant cockroach (D:1)
  12 goblins
  14 hobgoblins
  2 jackals (D:2)
  5 ball pythons
  2 bats (D:1)
  3 frilled lizards
  5 kobolds
  3 rats (D:1)
94 creatures vanquished.

Vanquished Creatures (others)
  An orc wizard (D:5)
1 creature vanquished.

Grand Total: 95 creatures vanquished

Notes
Turn   | Place    | Note
-------+----------+-------------------------------------------
     0 | D:1      | HallandMoats the Troll Monk began the quest for the Orb.
     0 | D:1      | Reached XP level 1. HP: 22/22 MP: 0/0
   172 | D:1      | Reached XP level 2. HP: 29/29 MP: 1/1
   860 | D:2      | Reached XP level 3. HP: 34/36 MP: 2/2
   970 | D:2      | Noticed Jessica
   981 | D:2      | Killed Jessica
   982 | D:2      | Reached XP level 4. HP: 37/45 MP: 3/3
  1037 | D:2      | Reached skill level 1 in Armour
  1512 | D:2      | Found a runed translucent door.
  1513 | D:2      | Noticed Crazy Yiuf
  1653 | D:2      | Killed Crazy Yiuf
  1654 | D:2      | Reached skill level 4 in Unarmed Combat
  1654 | D:2      | Reached XP level 5. HP: 53/53 MP: 4/4
  2418 | D:4      | Reached XP level 6. HP: 51/61 MP: 5/5
  2528 | D:4      | Noticed Robin
  2552 | D:4      | Killed Robin
  2702 | D:4      | Found a staircase to the Ecumenical Temple.
  3041 | Temple   | Entered the Ecumenical Temple
  3246 | Temple   | Became a worshipper of Makhleb the Destroyer
  3246 | Temple   | Reached * piety under Makhleb
  3246 | Temple   | Reached ** piety under Makhleb
  3278 | D:5      | Entered Level 5 of the Dungeon
  3329 | D:5      | HP: 2/62 [something/puff of flame (7)]
  3331 | D:5      | Slain by an orc wizard

Illustrated notes

Levels and vault maps discovered:
D:1:      kennysheep_arrival_forest, layout_basic
D:2:      layout_basic, uniq_crazy_yiuf_cottage, uniq_jessica
D:3:      layout_loops_ring, minmay_statues_item
D:4:      layout_cave_pools, minmay_temple_entry_junction_2, uniq_robin
D:5:      cheibrodos_quashed, layout_cave_pools, nicolae_figureground_sparkle
Temple:   minmay_crystal_snake_temple

Skill      XL: |  1  2  3  4 |
---------------+-------------+-----
Fighting       | 3 |  3.9
Dodging        | 3 |  3.9
Armour         | 1 |  1.9
Unarmed Combat | 4 |  4.7
Stealth        | |  1.0

Action                   |  1- 3 |  4- 6 || total
-------------------------+-------+-------++-------
Melee: Unarmed           |    58 |   215 ||   273
       Punch             |     1 |     5 ||     6
 Stab: Sleeping          |     2 |     1 ||     3
       Distracted        |       |     1 ||     1
Armor: Robe              |    16 |    79 ||    95
Dodge: Dodged            |    23 |   111 ||   134
